 Dungeon Crawl Stone Soup version 0.27-a0-906-g0a00ce8 (webtiles) character file.

Game seed: 192797100545074694

8180 Nithhogg the Fanfare of Bloodshed (level 11, 0/127 HPs)
             Began as a Demonspawn Fighter on Apr 7, 2021.
             Was a Believer of Makhleb.
             Engulfed by a death drake (shapeshifter)'s foul pestilence (10 damage)
             ... on level 10 of the Dungeon.
             The game lasted 00:17:38 (11111 turns).

Nithhogg the Fanfare of Bloodshed (DsFi)           Turns: 11111, Time: 00:17:39

Health: 0/127      AC: 25    Str: 16 (19) XL:     11   Next: 6%
Magic:  0/17       EV:  2    Int:  8 (11) God:    Makhleb [**....]
Gold:   367        SH: 17    Dex: 16 (18) Spells: 10/10 levels left

rFire    . . .     SeeInvis .   j - +3 dagger (drain)
rCold    + . .     Faith    .   w - +7 kite shield "Boqong" {rC+ rCorr}
rNeg     + + +     Spirit   +   (armour currently unavailable)
rPois    +         Reflect  .   (helmet currently unavailable)
rElec    .         Harm     .   (cloak currently unavailable)
rCorr    +         Rampage  .   (gloves currently unavailable)
Will     +....     NoTele   +   (boots currently unavailable)
Stlth    +.........             C - amulet of guardian spirit
HPRegen  0.31/turn              e - +6 ring of dexterity
MPRegen  0.15/turn              d - ring of willpower

@: mighty, brilliant, tree-form, attractive
A: stationary, stasis, torment immunity, boosted hp, (horns 1), (large bone
plates 2), demonic guardian 2, powered by death 1
a: Renounce Religion, Minor Destruction


You were on level 10 of the Dungeon.
You worshipped Makhleb.
Makhleb was pleased with you.
You were a tree.
You visited 2 branches of the dungeon, and saw 11 of its levels.

You collected 547 gold pieces.
You spent 180 gold pieces at shops.

Inventory:

Hand Weapons
 a - a +0 long sword
 j - a +3 dagger of draining (weapon)
Missiles
 r - 2 throwing nets
 G - a curare-tipped dart
Armour
 b - a +0 scale mail (melded)
 w - the +7 kite shield "Boqong" (worn) {rC+ rCorr}
   (You bought it in a shop on level 5 of the Dungeon)

   It protects you from cold.
   It protects you from acid and corrosion.
 z - a +2 pair of boots (melded)
Jewellery
 d - a ring of willpower (right branch)
 e - a +6 ring of dexterity (left branch)
 C - an amulet of guardian spirit (around neck)
 I - a +6 ring of intelligence
 J - a ring of positive energy
Wands
 y - a wand of paralysis (5)
 E - a wand of flame (10)
Scrolls
 c - 3 scrolls of fog
 g - 2 scrolls of acquirement {unknown}
 k - 8 scrolls of identify {unknown}
 m - 2 scrolls of enchant weapon
 o - a scroll of vulnerability {unknown}
 p - 2 scrolls of enchant armour {unknown}
 s - a scroll of fear {unknown}
 t - a scroll of torment {unknown}
 x - 4 scrolls of amnesia {unknown}
 D - a scroll of brand weapon {unknown}
Potions
 i - 2 potions of degeneration
 l - a potion of berserk rage {unknown}
 n - a potion of brilliance
 q - a potion of lignification
 u - a potion of flight
 A - a potion of attraction
 B - a potion of ambrosia {unknown}
 H - a potion of haste {unknown}


   Skills:
 + Level 7.7 Fighting
 + Level 6.8 Long Blades
 + Level 6.9 Armour
 + Level 6.4 Dodging
 + Level 6.9 Shields
 + Level 8.9 Invocations


You had 10 spell levels left.
You didn't know any spells.
Your spell library contained the following spells:

 Spells                   Type           Power      Damage    Failure   Level
 Magic Dart               Conj           0%         1d3       77%         1
 Blink                    Tloc           N/A        N/A       88%         2
 Call Imp                 Summ           0%         N/A       88%         2
 Slow                     Hex            0%         N/A       88%         2
 Confusing Touch          Hex            0%         N/A       98%         3
 Conjure Flame            Conj/Fire      0%         6-21      98%         3
 Gell's Gravitas          Tloc           0%         N/A       98%         3
 Mephitic Cloud           Conj/Pois/Air  0%         N/A       98%         3
 Teleport Other           Tloc           0%         N/A       98%         3
 Petrify                  Tmut/Erth      0%         N/A       100%        4
 Summon Lightning Spire   Summ/Air       0%         N/A       100%        4
 Metabolic Englaciation   Hex/Ice        0%         N/A       100%        5
 Yara's Violent Unravell  Hex/Tmut       0%         3d3       100%        5


Dungeon Overview and Level Annotations

Branches:
Dungeon (10/15)            Temple (1/1) D:4            Lair (0/6) D:9
    Orc (0/2) D:10

Altars:
Ashenzari
Cheibriados
Dithmenos
Elyvilon
Fedhas
Gozag
Hepliaklqana
Kikubaaqudgha
Makhleb
Okawaru
Qazlal
Ru
Sif Muna
Trog
Uskayaw
Vehumet
Wu Jian
Xom
Yredelemnul
Zin
The Shining One

Shops:
D:5 [   D:8 [(:

Annotations:
D:8 2 transporterss and shop, ihitudie's ghost, novice TrMo


Innate Abilities, Weirdness & Mutations

You are a tree.
Your roots penetrate the ground, keeping you stationary.
You cannot be teleported.
You are immune to unholy pain and torment.
Your maximum health is greatly increased.
Your equipment is partially melded.
((You have a pair of small horns on your head.))
((You are mostly covered in large bone plates. (SH +6)))
A demonic guardian rushes to your aid.
You regenerate a little health from kills.


Message History

The centaur warrior is almost dead.
You block the centaur warrior's attack. x2
The death drake bites you but does no damage.
The centaur warrior hits you but does no damage.
The centaur warrior kicks you but does no damage.
The death drake bites you but does no damage.
Your hellwing misses the death drake.
Your hellwing hits the death drake but does no damage.
You puncture the centaur warrior!
You kill the centaur warrior!
Makhleb accepts your kill. The death drake breathes miasma at you.
The foul vapour engulfs you!
You are poisoned.
* * * LOW HITPOINT WARNING * * *
Your hellwing barely misses the death drake.
Your hellwing closely misses the death drake.
You have reached level 11!
Your demonic ancestry asserts itself...
Your guardian grows in power.
You feel better.
You are engulfed in dark miasma.
* * * LOW HITPOINT WARNING * * *
You block the death drake's attack.
Your hellwing misses the death drake. Your hellwing hits the death drake.
You puncture the death drake!
The death drake is lightly wounded.
The death drake breathes miasma at you. The foul vapour engulfs you.
* * * LOW HITPOINT WARNING * * *
You block the death drake's attack.
Your hellwing hits the death drake! Your hellwing hits the death drake.
You hit the death drake.
The death drake is moderately wounded.
You are engulfed in dark miasma.
* * * LOW HITPOINT WARNING * * *
The death drake bites you but does no damage.
You puncture the death drake!
The death drake is moderately wounded.
You are engulfed in dark miasma.
You die...

).........................<#
#.
...........................#
#.
..#######..................#
#. ..# #...........######.#
#. ..# #...........# #.# #.
..# #...........######.# #.
####..................# #.
#...
......................#####.
#..
.........4♣)...............
#.# #.....k....#######......
..# #..<#####..# #.##### ..#
#...# #..# #.# ..# #...#
#..# #.# ..# #...# #..# #.#
..########c..# #..# #.#
..........c..#####..# #.#
c.).............[...# #.#


You could see a death drake (catching breath, ally target) and a friendly
hellwing (summoned).

Vanquished Creatures
  An ogre mage (D:10)
  4 centaur warriors
  A two-headed ogre (D:10)
  A cyclops (D:10)
  A shadow (D:10)
  A yak (D:9)
  A steam dragon (D:8)
  3 water moccasins
  5 orc warriors
  2 sky beasts
  4 black bears
  A centaur (D:9)
  A bullfrog (D:9)
  A kobold brigand (D:8)
  2 scorpions
  5 wights (D:6)
  4 killer bees (D:9)
  2 howler monkeys (D:5)
  2 centaur zombies
  3 orc priests
  A gnoll shaman (D:5)
  3 hounds
  3 jellies
  A bullfrog zombie (D:6)
  An iguana (D:4)
  8 orc wizards
  A scorpion zombie (D:5)
  9 gnolls
  11 adders
  A shadow imp (D:6)
  2 white imps
  An adder skeleton (D:4)
  A worm (D:3)
  2 dart slugs
  48 orcs
  5 endoplasms
  9 giant cockroaches
  11 hobgoblins
  12 jackals
  4 quokkas
  7 ball pythons
  5 bats
  2 frilled lizards
  20 goblins
  11 kobolds
  6 rats
230 creatures vanquished.

Vanquished Creatures (collateral kills)
  A two-headed ogre (D:10)
  A steam dragon (D:8)
  An orc warrior (D:7)
  2 orcs
5 creatures vanquished.

Vanquished Creatures (others)
  3 fungi (D:9)
  11 plants
14 creatures vanquished.

Grand Total: 249 creatures vanquished

Notes
Turn   | Place    | Note
-------+----------+-------------------------------------------
     0 | D:1      | Nithhogg the Demonspawn Fighter began the quest for the
                  | Orb.
     0 | D:1      | Reached XP level 1. HP: 18/18 MP: 1/1
   214 | D:1      | Gained mutation: You regenerate a little health from kills.
                  | [demonic ancestry]
   214 | D:1      | Reached XP level 2. HP: 16/24 MP: 2/2
   475 | D:1      | Reached skill level 1 in Invocations
   631 | D:1      | Gained mutation: You are partially covered in large bone
                  | plates. (SH +4) [demonic ancestry]
   631 | D:1      | Reached XP level 3. HP: 11/14 MP: 3/3
   800 | D:2      | Reached skill level 1 in Dodging
   815 | D:2      | Reached XP level 4. HP: 16/26 MP: 5/5
   988 | D:2      | Reached skill level 2 in Invocations
  1751 | D:3      | Gained mutation: You are mostly covered in large bone
                  | plates. (SH +6) [demonic ancestry]
  1751 | D:3      | Reached XP level 5. HP: 39/39 MP: 6/6
  2457 | D:4      | Found an opulent altar of Gozag.
  2487 | D:4      | Found a bloodstained altar of Trog.
  2844 | D:4      | You fall into a shaft and drop 2 floors!
  2849 | D:6      | Noticed a water moccasin
  3009 | D:6      | Reached skill level 3 in Invocations
  3009 | D:6      | Reached XP level 6. HP: 48/48 MP: 8/8
  3445 | D:6      | Gained mutation: A weak demonic guardian rushes to your
                  | aid. [demonic ancestry]
  3445 | D:6      | Reached XP level 7. HP: 24/53 MP: 9/9
  3712 | D:5      | Entered Level 5 of the Dungeon
  3803 | D:5      | Reached skill level 4 in Invocations
  4077 | D:4      | Found a sacrificial altar of Ru.
  4224 | D:4      | Found a staircase to the Ecumenical Temple.
  4257 | Temple   | Entered the Ecumenical Temple
  4409 | Temple   | Became a worshipper of Makhleb the Destroyer
  5266 | D:5      | Found Jithagh's Antique Armour Shoppe.
  5275 | D:5      | Bought a brightly glowing kite shield for 180 gold pieces
  5275 | D:5      | Identified the +7 kite shield "Boqong" {rC+ rCorr} (You
                  | bought it in a shop on level 5 of the Dungeon)
  5791 | D:6      | Reached XP level 8. HP: 58/61 MP: 11/11
  6127 | D:6      | Reached skill level 5 in Fighting
  6312 | D:6      | Reached skill level 5 in Invocations
  6976 | D:7      | Reached * piety under Makhleb
  7073 | D:7      | HP: 2/63 [orc warrior/+0 war axe (6)]
  7074 | D:7      | Reached skill level 5 in Armour
  7930 | D:8      | Found Qolithes's Antique Armour Shop.
  7930 | D:8      | Found a transporter.
  7946 | D:8      | Reached skill level 5 in Shields
  7959 | D:8      | Found Ostrag's Antique Weapon Boutique.
  7977 | D:8      | Identified the Papyrus of the Dislocated Entourage
  8033 | D:8      | Gained mutation: You have a pair of small horns on your
                  | head. [demonic ancestry]
  8033 | D:8      | Reached XP level 9. HP: 67/69 MP: 13/13
  8034 | D:8      | Reached skill level 6 in Invocations
  8113 | D:8      | Found a stormy altar of Qazlal.
  8129 | D:8      | Reached skill level 5 in Long Blades
  8397 | D:8      | Noticed a centaur warrior
  8410 | D:8      | Killed a centaur warrior
  8411 | D:8      | Reached skill level 5 in Dodging
  8411 | D:8      | Reached skill level 7 in Invocations
  8508 | D:8      | Found a shadowy altar of Dithmenos.
  8593 | D:8      | Found a transporter.
  8607 | D:8      | Noticed ihitudie's ghost (novice TrMo)
  8663 | D:8      | Reached ** piety under Makhleb
  8678 | D:8      | Found Nouphen's Book Shop.
  8793 | D:8      | Noticed a four-headed hydra
  9390 | D:9      | Reached XP level 10. HP: 77/77 MP: 10/15
  9465 | D:9      | Found a staircase to the Lair.
 10139 | D:10     | Entered Level 10 of the Dungeon
 10166 | D:10     | Noticed a two-headed ogre
 10195 | D:10     | Killed a two-headed ogre
 10675 | D:10     | Found a staircase to the Orcish Mines.
 10683 | D:10     | Noticed a two-headed ogre
 10692 | D:10     | Killed a two-headed ogre
 10693 | D:10     | Reached skill level 8 in Invocations
 10887 | D:10     | Noticed a centaur warrior
 10888 | D:10     | Noticed a cyclops
 10888 | D:10     | Noticed an ogre mage
 10889 | D:10     | Noticed a centaur warrior
 10897 | D:10     | Killed an ogre mage
 10897 | D:10     | Noticed a centaur warrior
 10899 | D:10     | Killed a cyclops
 10900 | D:10     | Noticed a fire crab
 10905 | D:10     | a fire crab changed into a queen bee
 10906 | D:10     | Killed a centaur warrior
 10910 | D:10     | Noticed a salamander
 10910 | D:10     | a queen bee changed into a salamander
 11091 | D:10     | Noticed a death drake
 11093 | D:10     | Killed a centaur warrior
 11107 | D:10     | Killed a centaur warrior
 11108 | D:10     | Gained mutation: A demonic guardian rushes to your aid.
                  | [demonic ancestry]
 11108 | D:10     | Reached XP level 11. HP: 8/85 MP: 2/17
 11111 | D:10     | Engulfed by a death drake (shapeshifter)'s foul pestilence

Illustrated notes

Levels and vault maps discovered:
D:1:      onia_arrival_pyramid, layout_rooms, minmay_pentomino_o4
D:2:      layout_rooms, hangedman_decor_points, minmay_goblin_outpost
D:3:      layout_basic, minmay_close_crescents
D:4:      cheibrodos_quashed, layout_gridville,
          nicolae_ru_great_annihilating_truth, grunt_temple_overflow_open,
          minmay_temple_entry_stoned_glass
D:5:      layout_gridville, serial_shops, shop, serial_park_tiny_pond
D:6:      corexii_shack_village, layout_basic, nicolae_elyvilon_peaceful_grove,
          item_on_display_a
D:7:      layout_basic, glass_columns_c
D:8:      layout_rooms, kennysheep_little_box, amcnicky_altar_gilded,
          serial_shops, nicolae_shop_crystal, shop, shop, nzn_ghost_randoct,
          special_room [special_room_orc]
D:9:      layout_grid_maze, tso_altar, grunt_lair_entry_orc_guard_hut
D:10:     minmay_blocky_corners, layout_small_grid,
          nemelex_diamond_rough_becter, orc_0_dummy
Temple:   oiseaux_autumnal_temple

Skill      XL: |  1  2  3  4  5  6  7  8  9 10 |
---------------+-------------------------------+-----
Invocations    | 1 2 3 4 5 7 8 |  8.9
Long Blades    | 2 3 4 5 6 |  6.8
Armour         | 3 4 5 6 |  6.9
Dodging        | 1 2 3 4 5 6 |  6.4
Shields        | 3 4 5 6 |  6.9
Fighting       | 4 5 6 7 |  7.7

Action                   |  1- 3 |  4- 6 |  7- 9 | 10-12 || total
-------------------------+-------+-------+-------+-------++-------
Melee: Long sword        |    83 |       |       |       ||    83
       Dagger            |    28 |   292 |   572 |   108 ||  1000
       Headbutt          |       |       |    43 |    32 ||    75
Invok: Minor Destruction |       |       |       |     2 ||     2
Evoke: Wand              |       |       |     3 |     8 ||    11
  Use: Potion            |     2 |     4 |     3 |    12 ||    21
       Scroll            |     4 |     2 |       |     1 ||     7
 Stab: Paralysed         |       |       |     3 |       ||     3
       Distracted        |       |       |       |     1 ||     1
Armor: Scale mail        |    74 |    75 |   142 |    54 ||   345
       Skin              |       |       |       |     5 ||     5
Dodge: Dodged            |    50 |    83 |   126 |    35 ||   294
Block: Kite shield       |    84 |   312 |   629 |   182 ||  1207
       Rpst.: Long sword |    13 |       |       |       ||    13

Table legend: (Time is in decaauts)
 A = Elapsed time spent in this place.
 B = Non-inter-level travel time spent in this place.
 C = Inter-level travel time spent in this place.
 D = Time resting spent in this place.
 E = Time spent auto-exploring this place.
 F = Levels seen in this place.
 G = Mean time per level.
                   A        B        C        D        E       F      G
               +--------+--------+--------+--------+--------+-----+--------+
         Total |  11269 |  11008 |    261 |   1446 |   7415 |  11 | 1024.5 |
       Dungeon |  10868 |  10626 |    242 |   1446 |   7046 |  10 | 1086.8 |
        Temple |    401 |    382 |     19 |      0 |    368 |   1 |  401.0 |
               +--------+--------+--------+--------+--------+-----+--------+

Top non-repeatable levels by time:
     D:6: 1841 daAuts
     D:9: 1490 daAuts
     D:7: 1216 daAuts
     D:3: 1060 daAuts
     D:5: 997 daAuts
     D:4: 984 daAuts
     D:8: 879 daAuts
    D:10: 818 daAuts
     D:1: 808 daAuts
     D:2: 770 daAuts
  Temple: 401 daAuts
